 Dungeon Crawl Stone Soup version 0.29-a0-845-g6161e89988 (webtiles) character file.

Game seed: 7056336738290923199

247 gobodom the Firebug (level 5, -2/35 HPs)
             Began as a Demonspawn Fire Elementalist on July 15, 2022.
             Constricted to death by Grinder (4 damage)
             ... while paralysed by Grinder
             ... on level 5 of the Dungeon.
             The game lasted 00:11:10 (3669 turns).

gobodom the Firebug (Demonspawn Fire Elementalist)  Turns: 3669, Time: 00:11:11

Health: -2/35      AC:  4    Str:  8    XL:     5   Next: 85%
Magic:  0/9        EV: -1    Int: 20    God:
Gold:   125        SH:  0    Dex: 14    Spells: 9/10 levels left

rFire   . . .      SeeInvis .   d - +4 dagger
rCold   . . .      Faith    .   (no shield)
rNeg    . . .      Spirit   .   a - +0 robe
rPois   .          Reflect  .   (no helmet)
rElec   .          Harm     .   (no cloak)
rCorr   .          Rampage  .   h - +1 pair of gloves {Stlth+}
Will    .....                   (no boots)
Stlth   +++.......              (no amulet)
HPRegen 0.11/turn               (no ring)
MPRegen 0.11/turn               (no ring)

@: paralysed, grasped by roots, constricted
A: claws 1, big brain 1
a: no special abilities


You were on level 5 of the Dungeon.
You visited 1 branch of the dungeon, and saw 5 of its levels.

You collected 125 gold pieces.

Inventory:

Hand Weapons
 d - a +4 dagger (weapon)
 j - a +1 dagger of draining
Armour
 a - a +0 robe (worn)
 h - a +1 pair of gloves of stealth (worn)
Scrolls
 c - a scroll of silence {unknown}
 m - a scroll of teleportation
 o - a scroll of enchant weapon
 p - a scroll of magic mapping {unknown}
Potions
 b - a potion of magic
 f - 2 potions of brilliance {unknown}
 g - a potion of curing
 i - 2 potions of heal wounds {unknown}
 k - a potion of cancellation {unknown}
 l - a potion of attraction {unknown}
 n - a potion of resistance {unknown}


   Skills:
 + Level 0.1 Fighting
 + Level 2.0 Short Blades
 + Level 1.9 Dodging
 + Level 3.2 Stealth
 + Level 3.1 Spellcasting
 + Level 2.3 Conjurations
 + Level 3.6 Fire Magic


You had 9 spell levels left.
You knew the following spells:

 Your Spells              Type           Power      Damage    Failure   Level
a - Foxfire               Conj/Fire      60%        2x1d7     4%          1

Your spell library contained the following spells:

 Spells                   Type           Power      Damage    Failure   Level
 Scorch                   Fire           34%        2d6       4%          2
 Conjure Flame            Conj/Fire      15%        6-21      12%         3
 Inner Flame              Hex/Fire       10%        N/A       21%         3
 Flame Wave               Conj/Fire      15%        2d6       38%         4


Dungeon Overview and Level Annotations

Branches:
Dungeon (6/15)
 Temple: D:4-7

Altars:
Cheibriados

Shops:
D:5 [

Annotations:
D:5 Grinder


Innate Abilities, Weirdness & Mutations

You have sharp fingernails.
You have an unusually large brain. (Int +2)


Message History

Your Spellcasting skill increases to level 3!
Your Conjurations skill increases to level 2!
Casting: Foxfire (safe; 4% risk of failure)
Confirm with . or Enter, or press ? or * to list all spells.
You conjure some foxfire!
Grinder zaps a wand.
The roots erupt in riotous growth!
The grasping roots grab you!
Your foxfire is unaffected. x2
The grasping roots constrict you.
You hear an angry hiss.
Casting: Foxfire (safe; 4% risk of failure)
Confirm with . or Enter, or press ? or * to list all spells.
You conjure some foxfire!
The foxfire hits Grinder.
Grinder is heavily wounded.
The grasping roots constrict you!
* * * LOW HITPOINT WARNING * * *
Casting: Foxfire (safe; 4% risk of failure)
Confirm with . or Enter, or press ? or * to list all spells.
You conjure some foxfire!
The foxfire hits Grinder.
Grinder is heavily wounded.
The foxfire hits Grinder.
Grinder is severely wounded.
The grasping roots constrict you.
* * * LOW HITPOINT WARNING * * *
Casting: Foxfire (safe; 4% risk of failure)
Confirm with . or Enter, or press ? or * to list all spells.
You don't have enough magic to cast this spell.
You escape the roots grasp.
Found a crooked runed staff.
Found Daduwk's Antique Armour Shop.
The foxfire hits Grinder.
Grinder is severely wounded.
Grinder zaps a wand.
The roots erupt in riotous growth!
The grasping roots grab you!
Grinder is unaffected.
The grasping roots constrict you.
* * * LOW HITPOINT WARNING * * *
You see here a +0 giant club.
You hit Grinder.
Grinder is almost dead.
Grinder gestures at you.
You suddenly lose the ability to move!
The grasping roots constrict you.
You die...

☼# ☼§ #°
###°##
#§§○☼# ..
#§☼○°# ..
#○§§.##.#
#°.5@.#.#
.§○§§○§#†#.#
∩°<§8§.#.#.#
.☼○○☼..#°#.#
.☼°☼.###.○.#
.§☼.. ##..#
|§.. #§>#
#### ##☼#
#.#


You could see Grinder.

Vanquished Creatures
  An ogre (D:5)
  Natasha (D:2)
  Robin (D:2)
  4 adders
  An ufetubus (D:3)
  A worm (D:2)
  4 dart slugs
  2 endoplasms (D:2)
  6 giant cockroaches
  14 goblins
  6 hobgoblins
  4 jackals (D:1)
  6 quokkas
  8 ball pythons
  2 bats
  A frilled lizard (D:3)
  3 kobolds
  7 rats
72 creatures vanquished.

Vanquished Creatures (collateral kills)
  9 foxfires (D:1)
9 creatures vanquished.

Vanquished Creatures (others)
  221 foxfires
  A plant (D:1)
222 creatures vanquished.

Grand Total: 303 creatures vanquished

Notes
Turn   | Place    | Note
-------+----------+-------------------------------------------
     0 | D:1      | gobodom the Demonspawn Fire Elementalist began the quest
                  | for the Orb.
     0 | D:1      | Reached XP level 1. HP: 13/13 MP: 3/3
   332 | D:1      | Gained mutation: You have sharp fingernails. [demonic
                  | ancestry]
   332 | D:1      | Reached XP level 2. HP: 19/19 MP: 0/5
   923 | D:1      | Gained mutation: You have an unusually large brain. (Int
                  | +2) [demonic ancestry]
   923 | D:1      | Reached XP level 3. HP: 17/24 MP: 0/6
  1246 | D:1      | Found a faded altar of an unknown god.
  1552 | D:2      | Noticed Robin
  2026 | D:2      | Found a snail-covered altar of Cheibriados.
  2026 | D:2      | Noticed Natasha
  2033 | D:2      | Killed Natasha
  2034 | D:2      | Reached skill level 1 in Short Blades
  2034 | D:2      | Reached XP level 4. HP: 27/30 MP: 1/7
  2074 | D:2      | Killed Robin
  3460 | D:3      | Reached XP level 5. HP: 34/35 MP: 3/8
  3531 | D:3      | You fall into a shaft and drop 3 floors!
  3583 | D:5      | Entered Level 5 of the Dungeon
  3653 | D:5      | Noticed Grinder
  3656 | D:5      | Noticed an ogre
  3664 | D:5      | Killed an ogre
  3668 | D:5      | Found Daduwk's Antique Armour Shop.
  3669 | D:5      | Paralysed by Grinder for 2 turns
  3669 | D:5      | Constricted to death by Grinder

Illustrated notes

Levels and vault maps discovered:
D:1:      amcnicky_arrival_single_pillar, layout_basic,
          dilly_ecumenical_altar_fadedgnrine, serial_forest,
          infiniplex_forest_clump_C, infiniplex_forest_diagonal,
          infiniplex_forest_straight_3, infiniplex_forest_straight_2,
          infiniplex_forest_side_room, infiniplex_forest_lined_2,
          infiniplex_forest_straight_2, fountainhead, serial_bayou_pond_b
D:2:      layout_loops_corners, basic_altar, minmay_misc_feat_tower,
          grunt_ministairs_8, uniq_natasha, uniq_robin
D:3:      layout_basic, uniq_terence
D:5:      gammafunk_cloud_chamber, layout_basic, temple_statues, serial_shops,
          kennysheep_little_box, nicolae_stop_n_shop_2, nicolae_shop_waterfront,
          nicolae_square_shop, shop, uniq_grinder
D:6:      layout_basic, uniq_crazy_yiuf_cottage, uniq_duvessa

Skill      XL: |  1  2  3  4  5 |
---------------+----------------+-----
Stealth        | 2 3 |  3.2
Fire Magic     | 3 |  3.6
Short Blades   | 1 2 |  2.0
Spellcasting   | 3 |  3.1
Conjurations   | 2 |  2.3
Fighting       | |  0.1
Dodging        | |  1.9

Action                   |  1- 3 |  4- 6 || total
-------------------------+-------+-------++-------
Melee: Unarmed           |     2 |       ||     2
       Dagger            |    34 |    48 ||    82
 Cast: Foxfire           |    81 |    75 ||   156
  Use: Scroll            |       |     5 ||     5
 Stab: Sleeping          |     1 |     2 ||     3
Armor: Robe              |    12 |    16 ||    28
Dodge: Dodged            |    36 |    27 ||    63

Table legend: (Time is in decaauts)
 A = Elapsed time spent in this place.
 B = Non-inter-level travel time spent in this place.
 C = Inter-level travel time spent in this place.
 D = Time resting spent in this place.
 E = Time spent auto-exploring this place.
 F = Levels seen in this place.
 G = Mean time per level.
                   A        B        C        D        E       F      G
               +--------+--------+--------+--------+--------+-----+--------+
         Total |   3667 |   3317 |    350 |      0 |   2808 |   5 |  733.4 |
       Dungeon |   3667 |   3317 |    350 |      0 |   2808 |   5 |  733.4 |
               +--------+--------+--------+--------+--------+-----+--------+

Top non-repeatable levels by time:
     D:2: 1694 daAuts
     D:1: 1592 daAuts
     D:3: 242 daAuts
     D:5: 85 daAuts
     D:6: 51 daAuts
